 Dungeon Crawl Stone Soup version 0.30-a0-737-gf23d94013f (webtiles) character file.

Game seed: 11158912582300482822

1640 pascalblue the Chopper (level 8, -6/73 HPs)
             Began as a Hill Orc Fighter on Feb 2, 2023.
             Was a Believer of Beogh.
             Engulfed by a steam dragon's steam (18 damage)
             ... on level 6 of the Dungeon.
             The game lasted 00:16:28 (5620 turns).

pascalblue the Chopper (Hill Orc Fighter)           Turns: 5620, Time: 00:16:29

Health: -6/73      AC: 15    Str: 21    XL:     8   Next: 99%
Magic:  8/8        EV: 10    Int:  8    God:    Beogh [**....]
Gold:   155        SH:  4    Dex:  6    Spells: 7/7 levels left

rFire   . . .      SeeInvis .    a - +0 war axe
rCold   . . .      Faith    .    c - +0 buckler
rNeg    . . .      Spirit   .    t - +5 ring mail of the Big Bang {Harm rCorr Dex-4}
rPois   .          Reflect  .    (no helmet)
rElec   .          Harm     +    u - +0 cloak
rCorr   +          Rampage  .    h - +0 pair of gloves
Will    .....                    n - +0 pair of boots Stlth
                                 (no amulet)
HPRegen 0.32/turn                (no ring)
MPRegen 0.11/turn                (no ring)

@: no status effects
A: no striking features
a: Renounce Religion, Smiting


You were on level 6 of the Dungeon.
You worshipped Beogh.
Beogh was pleased with you.
You visited 1 branch of the dungeon, and saw 6 of its levels.

You collected 155 gold pieces.

Inventory:

Hand Weapons
 a - a +0 war axe (weapon)
 d - a +4 quarterstaff of chaos
Missiles
 j - 4 curare-tipped darts (quivered)
Armour
 b - a +0 scale mail
 c - a +0 buckler (worn)
 f - a +4 ring mail of willpower
 h - a +0 pair of gloves (worn)
 n - a +0 pair of boots (worn)
 t - the +5 ring mail of the Big Bang (worn) {Harm rCorr Dex-4}
   (You found it on level 3 of the Dungeon)

   Dex:       It affects your dexterity (-4).
   rCorr:     It protects you from acid and corrosion.
   Harm:      It increases damage dealt and taken.
 u - a +0 cloak (worn)
Wands
 e - a wand of acid (6)
 m - a wand of polymorph (15)
Scrolls
 g - 3 scrolls of immolation
 o - 3 scrolls of magic mapping
 r - 3 scrolls of silence
 w - a scroll of amnesia
 x - 2 scrolls of teleportation
 y - 2 scrolls of identify
Potions
 i - a potion of curing
 k - a potion of haste
 l - a potion of brilliance
 p - a potion of attraction {unknown}
 q - a potion of flight
 s - a potion of lignification
 v - a potion of magic {unknown}


   Skills:
 + Level 7.5 Fighting
 + Level 7.6 Axes
 + Level 6.8 Armour
 + Level 6.9 Shields


You had 7 spell levels left.
You didn't know any spells.
Your spell library contained the following spells:

 Spells                   Type           Power      Damage    Failure   Level
 Sting                    Tmut/Pois      0%         1d3       65%         1
 Cigotuvi's Dreadful Rot  Necr/Pois/Air  0%         N/A       78%         2
 Poisonous Vapours        Pois/Air       0%         N/A       78%         2
 Static Discharge         Conj/Air       0%         2-2/arc   78%         2
 Gell's Gravitas          Tloc           0%         N/A       95%         3
 Mephitic Cloud           Conj/Pois/Air  0%         N/A       95%         3
 Teleport Other           Tloc           0%         N/A       95%         3
 Tukima's Dance           Hex            0%         N/A       95%         3
 Vhi's Electric Charge    Tloc/Air       0%         N/A       95%         3
 Olgreb's Toxic Radiance  Pois           0%         N/A       100%        4
 Passage of Golubria      Tloc           0%         N/A       100%        4
 Arcjolt                  Conj/Air       0%         1d10      100%        5
 Lightning Bolt           Conj/Air       0%         1d11      100%        5
 Yara's Violent Unravell  Hex/Tmut       0%         3d3       100%        5
 Dispersal                Tloc           0%         N/A       100%        6


Dungeon Overview and Level Annotations

Branches:
Dungeon (6/15)
 Temple: D:4-7

Altars:
Wu Jian
The Shining One


Message History

The centaur is severely wounded.
You hit the steam dragon.
You are engulfed in a cloud of scalding steam.
You block the centaur's attack.
The centaur kicks you but does no damage.
The centaur barely misses you. x2; You block the steam dragon's attack.
The steam dragon claws you but does no damage.
You hit the centaur.
The centaur is almost dead.
You completely miss the steam dragon. The centaur hits you.
The centaur kicks you but does no damage.
The steam dragon breathes steam at you. The ball of steam hits you!!
* * * LOW HITPOINT WARNING * * *
You block the centaur's attack. The centaur kicks you.
* * * LOW HITPOINT WARNING * * *
You feel better.
You are engulfed in a cloud of scalding steam.
The centaur hits you.
* * * LOW HITPOINT WARNING * * *
The centaur kicks you but does no damage.
The steam dragon bites you but does no damage.
The steam dragon claws you but does no damage.
You barely miss the centaur.
The centaur is almost dead.
You closely miss the steam dragon.
You are engulfed in a cloud of scalding steam.
The centaur hits you but does no damage.
The centaur kicks you but does no damage.
The steam dragon barely misses you. You block the steam dragon's attack.
The centaur hits you but does no damage.
The centaur kicks you but does no damage.
The steam dragon breathes steam at you. The ball of steam misses you.
You hit the centaur.
You kill the centaur!
Beogh accepts your kill.
You slash the steam dragon!
You are engulfed in a cloud of scalding steam.
You die...

.......# #......#
+......# #......#
#......# #..?..§#
##+#....§.# ......)@..#
......D...# ..........+
..........#
....###'########
#####....##....#
....... ..............#
.......#..##....##....#
.......#. #....#######


You could see a steam dragon (catching breath).

Vanquished Creatures
  Grinder (D:3)
  Prince Ribbit (D:5)
  4 ogres (D:5)
  A centaur (D:6)
  3 phantoms
  Blork the orc (D:5)
  2 scorpions
  A necrophage (D:4)
  2 hounds (D:5)
  Crazy Yiuf (D:3)
  An orc priest (D:5)
  Ijyb (D:4)
  An iguana (D:6)
  3 orc wizards (D:4)
  7 gnolls
  5 adders
  An ufetubus (D:5)
  3 worms
  A dart slug (D:5)
  6 orcs (D:5)
  5 ball pythons
  4 endoplasms
  2 giant cockroaches
  9 goblins
  8 hobgoblins
  3 jackals (D:2)
  6 kobolds
  2 quokkas
  6 bats
  5 frilled lizards
  5 rats
101 creatures vanquished.

Notes
Turn   | Place    | Note
-------+----------+-------------------------------------------
     0 | D:1      | pascalblue the Hill Orc Fighter began the quest for the
                  | Orb.
     0 | D:1      | Reached XP level 1. HP: 19/19 MP: 1/1
   230 | D:1      | Reached XP level 2. HP: 21/27 MP: 2/2
   396 | D:1      | Found a faded altar of an unknown god.
   885 | D:2      | Reached XP level 3. HP: 33/33 MP: 3/3
  1265 | D:2      | You fall into a shaft and drop 1 floor!
  1718 | D:2      | Reached XP level 4. HP: 32/40 MP: 4/4
  2041 | D:3      | Became a worshipper of Beogh the Brigand
  2166 | D:3      | Identified the +5 ring mail of the Big Bang {Harm rCorr
                  | Dex-4}
  2358 | D:3      | Noticed Grinder
  2361 | D:3      | Paralysed by Grinder for 2 turns
  2380 | D:3      | Paralysed by Grinder for 3 turns
  2390 | D:3      | Killed Grinder
  2391 | D:3      | Reached skill level 5 in Fighting
  2391 | D:3      | Reached XP level 5. HP: 26/48 MP: 5/5
  2391 | D:3      | Reached XP level 6. HP: 30/56 MP: 6/6
  2623 | D:3      | Found a runed translucent door.
  2624 | D:3      | Noticed Crazy Yiuf
  2791 | D:3      | Killed Crazy Yiuf
  2877 | D:4      | Reached skill level 5 in Axes
  2877 | D:4      | Reached skill level 5 in Shields
  3046 | D:4      | Noticed Ijyb
  3053 | D:4      | Killed Ijyb
  3054 | D:4      | Reached skill level 5 in Armour
  3183 | D:4      | Reached XP level 7. HP: 60/61 MP: 7/7
  3283 | D:4      | Reached * piety under Beogh
  3851 | D:5      | Entered Level 5 of the Dungeon
  3851 | D:5      | Noticed Blork the orc
  3857 | D:5      | Killed Blork the orc
  3935 | D:5      | Noticed Prince Ribbit
  3951 | D:5      | HP: 2/63 [Prince Ribbit (15)]
  4209 | D:5      | Reached XP level 8. HP: 41/71 MP: 8/8
  5078 | D:5      | Killed Prince Ribbit
  5216 | D:5      | Found an ornate altar of the Wu Jian Council.
  5391 | D:5      | Reached ** piety under Beogh
  5567 | D:6      | Found a glowing golden altar of the Shining One.
  5620 | D:6      | Engulfed by a steam dragon's steam

Illustrated notes

Levels and vault maps discovered:
D:1:      dpeg_chamrin_arrival_tetris, layout_loops_ring,
          hellmonk_ecumenical_altar_run_dry, amcnicky_mini_rare_corridor_liquid
D:2:      layout_loops_corners, small_statue_intersection, minmay_hedge_maze,
          minmay_misc_feat_hallway, hangedman_feature_mirror
D:3:      layout_loops_cross, minmay_checkerbox, uniq_crazy_yiuf_cottage,
          uniq_grinder
D:4:      layout_loops_ring, minmay_a_box_with_orc_wizards_in_it, uniq_ijyb
D:5:      layout_basic, nicolae_wu_jian_immortal_techniques,
          hangedman_abyss_or_decor_stagger, uniq_blork_the_orc,
          uniq_prince_ribbit1
D:6:      layout_gridville, mainiacjoe_overflow_six_doors_small,
          mainiacjoe_overflow_concentric_impassable, minmay_temple_entry_arrows,
          uniq_sigmund, uniq_duvessa, uniq_menkaure

Skill      XL: |  1  2  3  4  5  6  7  8 |
---------------+-------------------------+-----
Axes           | 3 4 5 6 7 |  7.6
Fighting       | 4 5 6 7 |  7.5
Shields        | 4 5 6 |  6.9
Armour         | 4 5 6 |  6.8

Action                     |  1- 3 |  4- 6 |  7- 9 || total
---------------------------+-------+-------+-------++-------
  Melee: War axe           |   163 |    74 |   169 ||   406
 Invoke: Convert to Beogh  |       |     1 |       ||     1
    Use: Potion            |       |     2 |     3 ||     5
         Scroll            |       |    13 |     2 ||    15
 Armour: Scale mail        |    93 |    11 |       ||   104
         Ring mail         |       |    19 |   123 ||   142
  Dodge: Dodged            |    95 |    25 |    85 ||   205
  Block: Buckler           |    34 |    12 |    35 ||    81

Table legend: (Time is in decaauts)
 A = Elapsed time spent in this place.
 B = Non-inter-level travel time spent in this place.
 C = Inter-level travel time spent in this place.
 D = Time resting spent in this place.
 E = Time spent auto-exploring this place.
 F = Levels seen in this place.
 G = Mean time per level.
                   A        B        C        D        E       F      G
               +--------+--------+--------+--------+--------+-----+--------+
         Total |   5703 |   5534 |    169 |    555 |   3668 |   6 |  950.5 |
       Dungeon |   5703 |   5534 |    169 |    555 |   3668 |   6 |  950.5 |
               +--------+--------+--------+--------+--------+-----+--------+

Top non-repeatable levels by time:
     D:5: 1699 daAuts
     D:3: 1080 daAuts
     D:2: 1056 daAuts
     D:4: 1005 daAuts
     D:1: 806 daAuts
     D:6: 54 daAuts
